 Dungeon Crawl Stone Soup version 0.26.1-11-gd32895ea62 (webtiles) character file.

Game seed: 317089268737501026

410240 KamiKatze the Victor of a Thousand Battles (level 23, 0/184 HPs)
             Began as a Gnoll Fighter on May 4, 2021.
             Was the Champion of Okawaru.
             Killed by vampiric draining
             ... invoked by a vampire knight
              (10 damage)
             ... on level 2 of the Depths on May 6, 2021.
             The game lasted 05:55:38 (77191 turns).

KamiKatze the Victor of a Thousand Battles (GnFi)  Turns: 77191, Time: 05:55:39

Health: 0/184      AC: 30    Str: 26    XL:     23   Next: 49%
Magic:  27/33      EV: 20    Int: 11    God:    Okawaru [******]
Gold:   3807       SH: 18    Dex: 21    Spells: 21/52 levels left

rFire    + . .     SeeInvis .   a - +1 demon trident (venom)
rCold    . . .     Faith    .   L - +2 kite shield {AC+3}
rNeg     . . .     Spirit   .   I - +2 chain mail {rF+}
rPois    .         Reflect  .   E - +2 helmet of the Sea {Stlth+}
rElec    +         Harm     .   c - scarf {repulsion}
rCorr    +         Rampage  .   U - +2 pair of gloves
Will     ++...                  A - +2 pair of boots
Stlth    ++++......             v - amulet of regeneration
HPRegen  0.80/turn              x - ring of Liberalism {+Blink rElec rCorr MP-9 Dex+4}
MPRegen  0.23/turn              N - ring of willpower

@: finesse, repel missiles
A: distributed training, fangs 1, strong nose
}: 2/15 runes: decaying, serpentine
a: Renounce Religion, Evoke Blink, Heroism, Finesse


You were on level 2 of the Depths.
You worshipped Okawaru.
Okawaru was exalted by your worship.
You visited 8 branches of the dungeon, and saw 39 of its levels.
You also visited: Ice Cave.

You collected 5725 gold pieces.
You spent 1918 gold pieces at shops.

Inventory:

Hand Weapons
 a - a +1 demon trident of venom (weapon)
 w - a +0 eveningstar of electrocution
Missiles
 g - 51 poisoned darts (quivered)
 V - 10 datura-tipped darts
Armour
 c - a scarf of repulsion (worn)
 A - a +2 pair of boots (worn)
 E - the +2 helmet of the Sea (worn) {Stlth+}
   (You found it on level 2 of the Depths)

   It makes you more stealthy.
 I - a +2 chain mail of fire resistance (worn)
 L - a +2 kite shield of protection (worn)
 U - a +2 pair of gloves (worn)
Jewellery
 b - an uncursed ring of protection from fire
 p - an uncursed ring of protection from cold
 v - an amulet of regeneration (around neck)
 x - the ring of Liberalism (left hand) {+Blink rElec rCorr MP-9 Dex+4}
   (You acquired it on level 5 of the Lair of Beasts)

   [ring of resist corrosion]

   It affects your dexterity (+4).
   It insulates you from electricity.
   It affects your magic capacity (-9).
   It lets you blink.
   It provides partial protection from all sources of acid and corrosion.
 B - an uncursed ring of flight
 D - an uncursed ring of poison resistance
 N - a ring of willpower (right hand)
Wands
 i - a wand of flame (114)
 u - a wand of digging (9)
 y - a wand of disintegration (42)
 G - a wand of iceblast (25)
 J - a wand of polymorph (10)
 S - a wand of acid (26)
 X - a wand of paralysis (30)
Scrolls
 e - 6 scrolls of fear
 m - 5 scrolls of blinking
 n - 5 scrolls of fog
 o - 18 scrolls of teleportation
 q - a scroll of brand weapon
 r - 14 scrolls of remove curse
 s - 5 scrolls of magic mapping
 t - 16 scrolls of identify
 P - 6 scrolls of silence
 Y - a scroll of holy word
 Z - a scroll of summoning
Potions
 d - 6 potions of might
 f - 13 potions of haste
 j - 6 potions of heal wounds
 z - 4 potions of attraction
 F - 10 potions of lignification
 H - 2 potions of ambrosia
 K - 9 potions of curing
 M - 3 potions of flight
 Q - a potion of invisibility
 R - 4 potions of cancellation
 T - 2 potions of brilliance
Miscellaneous
 h - a tin of tremorstones (2/2)
 k - a phantom mirror
 l - a condenser vane
 C - a phial of floods
 O - a lightning rod (4/4)


   Skills:
 + Level 16.2 Fighting
 + Level 15.1 Short Blades
 + Level 15.1 Long Blades
 + Level 15.1 Axes
 + Level 15.1 Maces & Flails
 + Level 15.7 Polearms
 + Level 15.1 Staves
 + Level 15.1 Slings
 + Level 15.1 Bows
 + Level 15.1 Crossbows
 + Level 15.1 Throwing
 + Level 16.2 Armour
 + Level 15.1 Dodging
 + Level 15.1 Stealth
 + Level 16.2 Shields
 + Level 15.1 Unarmed Combat
 + Level 15.1 Spellcasting
 + Level 13.0 Conjurations
 + Level 13.0 Hexes
 + Level 13.0 Summonings
 + Level 13.0 Necromancy
 + Level 13.0 Translocations
 + Level 13.0 Transmutations
 + Level 13.0 Fire Magic
 + Level 13.0 Ice Magic
 + Level 13.0 Air Magic
 + Level 13.0 Earth Magic
 + Level 13.0 Poison Magic
 + Level 16.3 Invocations
 + Level 15.1 Evocations


You had 21 spell levels left.
You knew the following spells:

 Your Spells              Type           Power        Failure   Level
a - Mephitic Cloud        Conj/Pois/Air  37%          1%          3
b - Ignite Poison         Fire/Tmut/Pois 37%          1%          3
c - Airstrike             Air            18%          1%          4
d - Olgreb's Toxic Radia  Pois           37%          1%          4
e - Lee's Rapid Deconstr  Erth           18%          3%          5
f - Fireball              Conj/Fire      18%          3%          5
g - Passage of Golubria   Tloc           N/A          1%          4
p - Passwall              Tmut/Erth      30%          1%          2
x - Apportation           Tloc           74%          1%          1

Your spell library contained the following spells:

 Spells                   Type           Power        Failure   Level
 Animate Skeleton         Necr           74%          1%          1
 Corona                   Hex            41%          1%          1
 Magic Dart               Conj           100%         1%          1
 Sandblast                Erth           74%          1%          1
 Shock                    Conj/Air       100%         1%          1
 Sting                    Tmut/Pois      100%         1%          1
 Summon Small Mammal      Summ           100%         1%          1
 Blink                    Tloc           N/A          1%          2
 Call Imp                 Summ           37%          1%          2
 Ensorcelled Hibernation  Hex/Ice        74%          1%          2
 Poisonous Vapours        Pois/Air       74%          1%          2
 Searing Ray              Conj           74%          1%          2
 Slow                     Hex            37%          1%          2
 Swiftness                Air            37%          1%          2
 Conjure Flame            Conj/Fire      37%          1%          3
 Dazzling Flash           Conj/Hex       74%          1%          3
 Inner Flame              Hex/Fire       37%          1%          3
 Portal Projectile        Hex/Tloc       74%          1%          3
 Static Discharge         Conj/Air       37%          1%          3
 Stone Arrow              Conj/Erth      74%          1%          3
 Cause Fear               Hex            18%          1%          4
 Fulminant Prism          Conj/Hex       18%          1%          4
 Ice Form                 Ice/Tmut       37%          1%          4
 Iskenderun's Mystic Bla  Conj/Tloc      37%          1%          4
 Leda's Liquefaction      Hex/Erth       18%          1%          4
 Petrify                  Tmut/Erth      37%          1%          4
 Irradiate                Conj/Tmut      18%          3%          5
 Iskenderun's Battlesphe  Conj           37%          3%          5
 Lightning Bolt           Conj/Air       18%          3%          5
 Metabolic Englaciation   Hex/Ice        18%          3%          5
 Summon Mana Viper        Hex/Summ       37%          3%          5
 Yara's Violent Unravell  Hex/Tmut       18%          3%          5
 Freezing Cloud           Conj/Ice/Air   18%          19%         6
 Invisibility             Hex            37%          19%         6
 Ozocubu's Refrigeration  Ice            18%          19%         6
 Simulacrum               Ice/Necr       18%          19%         6
 Starburst                Conj/Fire      18%          19%         6
 Disjunction              Tloc           18%          100%        8
 Ignition                 Fire           18%          100%        8
 Tornado                  Air            18%          100%        9


Dungeon Overview and Level Annotations

Branches:
Dungeon (15/15)            Temple (1/1) D:6            Lair (6/6) D:10
  Swamp (4/4) Lair:3        Snake (4/4) Lair:4        Slime (0/5) Lair:5
    Orc (2/2) D:11            Elf (0/3) Orc:2        Vaults (4/5) D:14
  Crypt (0/3) Vaults:2     Depths (3/5) D:15          IceCv (visited)

Altars:
Ashenzari
Cheibriados
Dithmenos
Elyvilon
Fedhas
Gozag
Hepliaklqana
Kikubaaqudgha
Makhleb
Nemelex Xobeh
Okawaru
Qazlal
Ru
Sif Muna
Trog
Uskayaw
Vehumet
Wu Jian
Xom
Yredelemnul
Zin
The Shining One
Beogh

Shops:
D:7 *   D:13 [   Orc:2 [}:?:(*(*   Snake:3 (*   Vaults:3 *   Vaults:4 ([!

Portals:
Hell: Depths:1
Abyss: Depths:2

Annotations:
D:7 2 transporters, Menkaure
Swamp:3 Lernaean hydra
Depths:2 exclusion: door


Innate Abilities, Weirdness & Mutations

Your experience applies equally to all skills.
You have very sharp teeth.
Your uncanny sense of smell can sniff out nearby items.


Message History

* * * LOW HITPOINT WARNING * * *
You puncture something! You miss something. Something hits you!
* * * LOW HITPOINT WARNING * * *
You block something's attack.
You hit something but do no damage. You barely miss something.
You closely miss something. You bite something. Something hits you!!
* * * LOW HITPOINT WARNING * * *
You block something's attack.
You miss something. You closely miss something. You miss something.
You block something's attack. Something barely misses you.
You barely miss something. You hit something but do no damage.
You puncture something!
Unholy energy fills the air.
* * * LOW HITPOINT WARNING * * *
You puncture something! You bite something. You hit something.
Unholy energy fills the air.
You die...

..........# #........#
.....##...#######..).....#
.#.##..#...≈.##..>.......##
..........≈≈≈.............##∆
(...........≈..............## ∆
........#...............(...#####
........###......................
.....###.#......................)
................@{.......##....≈≈
..........(...............#......
...........[...(>...............#
...[.......(................##..#
≈...(.)..≈......................#
.[.<.))...(..≈.)##.##...≈......##
≈≈≈......≈...≈.##...##..≈...≈.###
)≈≈......≈...≈.#.....#(≈≈........
(≈≈...............>....≈≈≈≈......


There were no monsters in sight!

Vanquished Creatures
  Vashnia (Snake:4)
  Jorgrun (Orc:1)
  A large abomination (Vaults:3)
  A titan (Depths:2)
  3 sphinxes
  17 nagarajas
  3 tengu reavers
  2 thorn hunters (Swamp:4)
  A fenstrider witch (Lair:3)
  5 fire giants
  10 vault wardens
  4 frost giants
  An orc warlord (Orc:1)
  2 deep elf sorcerers
  Louise (D:15)
  Aizul (Snake:4)
  15 ironheart preservers
  14 stone giants
  2 deep elf demonologists
  11 very ugly things
  Nessos (D:14)
  A vampire knight (Depths:1)
  A bunyip (Swamp:1)
  An entropy weaver (Vaults:2)
  A spark wasp (Depths:2)
  A deep elf annihilator (Vaults:2)
  2 merfolk javelineers (Depths:2)
  4 eleionomae
  2 ettins
  A crystal guardian (Vaults:4)
  A deep elf death mage (Vaults:3)
  A merfolk impaler (Depths:2)
  2 jiangshi
  5 fire dragons
  3 yaktaur captains
  11 ogre magi
  7 great orbs of eyes
  Josephine (D:15)
  5 vault guards
  8 boulder beetles
  6 ice dragons
  32 hydras
  5 rakshasas
  15 naga warriors
  12 centaur warriors
  A spriggan air mage (Depths:2)
  17 anacondas
  3 catoblepae
  32 two-headed ogres
  2 ghost crabs (Swamp:3)
  3 death knights
  4 alligators
  5 deep troll earth magi
  3 deep troll shamans
  4 tengu warriors
  13 death yaks
  10 shock serpents
  2 vampire magi (Depths:2)
  11 deep elf knights
  13 naga sharpshooters
  3 orc high priests (Orc:2)
  2 iron trolls (Depths:1)
  A hell knight (Depths:1)
  5 salamander mystics
  3 spriggan druids
  23 skeletal warriors
  8 goliath frogs
  5 unseen horrors
  5 bog bodies
  3 flayed ghosts
  3 deep elf archers
  3 wizards
  22 deep trolls
  9 naga ritualists
  13 swamp dragons
  2 lindwurms (Lair:6)
  Pikel (D:7)
  5 ironbrand convokers
  2 phantasmal warriors
  14 orc knights
  13 mana vipers
  5 harpies (Vaults:2)
  7 orc sorcerers
  A wolf spider zombie (D:13)
  30 deep elf magi
  A frost giant zombie (D:15)
  14 salamanders
  2 oklob plants (Lair:4)
  9 cyclopes
  3 will-o-the-wisps
  8 wolf spiders
  4 manticores
  6 necromancers
  A tengu skeleton (Vaults:2)
  9 elephants
  44 ugly things
  3 centaur zombies
  49 black mambas
  3 stone giant skeletons (Vaults:2)
  Maurice (D:10)
  A fire giant skeleton (Vaults:2)
  Psyche (D:10)
  18 naga magi
  2 ice statues (IceCv)
  13 vault sentinels
  8 guardian serpents
  2 gargoyles (D:13)
  A torpor snail (Lair:6)
  12 cane toads
  14 rime drakes
  A yaktaur zombie (Vaults:3)
  A rime drake (shapeshifter) (D:14)
  20 komodo dragons
  4 tengu conjurers
  3 freezing wraiths
  25 yaktaurs
  2 ice devils (Lair:4)
  A redback zombie (D:14)
  A jumping spider (Vaults:2)
  10 trolls
  A yaktaur skeleton (Vaults:2)
  A polar bear (Lair:5)
  2 bloated husks
  10 hornets
  8 tyrant leeches
  The ghost of KamiKatze the Conjurer, an amateur DrCj (D:5)
  17 blink frogs
  2 dream sheep (Lair:6)
  A fire dragon zombie (D:15)
  A snapping turtle (shapeshifter) (D:14)
  An ice dragon zombie (D:15)
  17 slime creatures
  A spectral swamp dragon (Swamp:1)
  A stone giant simulacrum (Vaults:3)
  2 harpy skeletons (D:15)
  2 centaur simulacra
  2 ettin skeletons (Vaults:2)
  3 shadows
  A vampire (D:13)
  9 wraiths
  A spriggan (shapeshifter) (Depths:2)
  15 wyverns
  7 spriggans
  16 humans (D:13)
  A yak (shapeshifter) (D:14)
  6 water elementals
  44 yaks
  An ice dragon skeleton (D:15)
  9 basilisks
  2 fire elementals
  4 steam dragons
  5 wargs
  11 swamp worms
  75 nagas
  4 acid dragons
  14 water moccasins
  A soldier ant (D:13)
  2 hydra simulacra (Swamp:1)
  A soldier ant (shapeshifter) (Vaults:1)
  8 swamp drakes (Swamp:4)
  2 sky beasts
  2 human zombies (Vaults:2)
  37 orc warriors
  An ettin simulacrum (Vaults:3)
  18 ice beasts
  A swamp drake (shapeshifter) (Vaults:4)
  5 black bears
  3 phantoms
  28 ogres
  An eye of draining (shapeshifter) (D:14)
  An eye of draining (D:15)
  3 elf skeletons
  A necrophage (D:14)
  57 wolves
  18 boggarts
  28 centaurs
  6 big kobolds
  A spriggan simulacrum (Swamp:1)
  19 bullfrogs
  A human simulacrum (Vaults:1)
  7 human skeletons
  A water moccasin zombie (D:5)
  3 scorpions
  A wyvern skeleton (D:9)
  A swamp dragon simulacrum (Swamp:1)
  12 killer bees
  2 howler monkeys
  27 wights
  4 electric eels
  4 hounds
  4 bullfrog zombies
  4 jellies
  27 orc wizards
  26 orc priests
  8 centaur skeletons
  10 iguanas
  3 bullfrog skeletons
  10 hell rats
  12 worker ants
  A killer bee zombie (D:6)
  A hound zombie (D:7)
  A hound skeleton (D:4)
  2 worker ant zombies
  A howler monkey skeleton (D:7)
  10 adders
  4 river rats (Lair:6)
  2 shadow imps (D:7)
  2 white imps
  An ooze (D:2)
  3 adder skeletons
  A worm (D:2)
  4 dart slugs
  6 leopard geckos
  115 orcs
  6 giant cockroaches
  7 goblins
  2 hobgoblins
  14 jackals
  22 kobolds
  3 quokkas
  3 ball pythons
  4 bats
  3 frilled lizards
  A jackal zombie (D:5)
  A leopard gecko skeleton (D:6)
  11 rats
  2 crawling corpses (Vaults:3)
1775 creatures vanquished.

Vanquished Creatures (collateral kills)
  Maggie (D:7)
  A bullfrog skeleton (D:7)
  A jackal (D:7)
3 creatures vanquished.

Vanquished Creatures (others)
  The ghost of OdinFK the Earth Mage, an adept FoEE of Vehumet (Swamp:1)
  A bloated husk (Swamp:1)
  A swamp drake (Swamp:2)
  An orc priest (Orc:2)
  An orc wizard (D:14)
  3 briar patches (Swamp:4)
  18 foxfires
  55 fungi
  120 plants
  4 toadstools (D:4)
  A withered plant (D:15)
206 creatures vanquished.

Grand Total: 1984 creatures vanquished

Notes
Turn   | Place    | Note
-------+----------+-------------------------------------------
     0 | D:1      | KamiKatze the Gnoll Fighter began the quest for the Orb.
     0 | D:1      | Reached XP level 1. HP: 23/23 MP: 1/1
    87 | D:1      | Reached XP level 2. HP: 26/29 MP: 2/2
   576 | D:2      | Reached XP level 3. HP: 35/35 MP: 3/3
   709 | D:2      | Reached skill level 1 in Invocations
  1061 | D:2      | Reached skill level 1 in Short Blades
  1061 | D:2      | Reached skill level 1 in Long Blades
  1061 | D:2      | Reached skill level 1 in Axes
  1061 | D:2      | Reached skill level 1 in Maces & Flails
  1061 | D:2      | Reached skill level 1 in Staves
  1061 | D:2      | Reached skill level 1 in Slings
  1061 | D:2      | Reached skill level 1 in Bows
  1061 | D:2      | Reached skill level 1 in Crossbows
  1061 | D:2      | Reached skill level 1 in Throwing
  1061 | D:2      | Reached skill level 1 in Dodging
  1061 | D:2      | Reached skill level 1 in Stealth
  1061 | D:2      | Reached skill level 1 in Unarmed Combat
  1061 | D:2      | Reached skill level 1 in Spellcasting
  1061 | D:2      | Reached skill level 1 in Evocations
  1308 | D:3      | Reached XP level 4. HP: 41/41 MP: 5/5
  1308 | D:3      | You fall into a shaft and drop 1 floor!
  1586 | D:3      | Reached skill level 1 in Conjurations
  1586 | D:3      | Reached skill level 1 in Hexes
  1586 | D:3      | Reached skill level 1 in Summonings
  1586 | D:3      | Reached skill level 1 in Necromancy
  1586 | D:3      | Reached skill level 1 in Translocations
  1586 | D:3      | Reached skill level 1 in Transmutations
  1586 | D:3      | Reached skill level 1 in Fire Magic
  1586 | D:3      | Reached skill level 1 in Ice Magic
  1586 | D:3      | Reached skill level 1 in Air Magic
  1586 | D:3      | Reached skill level 1 in Earth Magic
  1586 | D:3      | Reached skill level 1 in Poison Magic
  1958 | D:4      | Noticed an ogre
  1965 | D:4      | Reached XP level 5. HP: 44/47 MP: 5/7
  2263 | D:4      | Reached XP level 6. HP: 52/53 MP: 8/8
  2586 | D:4      | Reached skill level 5 in Polearms
  2938 | D:5      | Entered Level 5 of the Dungeon
  2946 | D:5      | Noticed a phantom
  2965 | D:4      | Reached XP level 7. HP: 4/59 MP: 10/10
  3604 | D:5      | Found a transporter.
  4041 | D:5      | Found a transporter.
  4043 | D:5      | Noticed KamiKatze's ghost (amateur DrCj)
  4370 | D:5      | Reached XP level 8. HP: 52/67 MP: 12/12
  4703 | D:6      | Found a large runed translucent door.
  4710 | D:6      | Found a large runed translucent door.
  4870 | D:6      | Noticed a komodo dragon
  4876 | D:6      | Found a large runed translucent door.
  4876 | D:6      | Found a large runed translucent door.
  5015 | D:6      | Found a hide-covered altar of Uskayaw.
  5018 | D:6      | Found a glowing golden altar of the Shining One.
  5019 | D:6      | You fall into a shaft and drop 3 floors!
  5183 | D:8      | Found a snail-covered altar of Cheibriados.
  5188 | D:8      | Found an iron altar of Okawaru.
  5203 | D:8      | Became a worshipper of Warmaster Okawaru
  5257 | D:7      | Found a radiant altar of Vehumet.
  5328 | D:7      | Found Esmymyaf's Assorted Antiques.
  5370 | D:7      | Found a basalt altar of Yredelemnul.
  5370 | D:7      | Found an ancient bone altar of Kikubaaqudgha.
  5371 | D:7      | Noticed a vampire
  5371 | D:7      | Noticed Menkaure
  5385 | D:7      | Bought a scroll labelled NEEZUPPANU for 24 gold pieces
  5385 | D:7      | Bought a scroll labelled UQAPTEUNNIVYD for 24 gold pieces
  5385 | D:7      | Bought a scroll labelled LUJADI USAOCOD for 24 gold pieces
  5385 | D:7      | Bought a pair of boots for 108 gold pieces
  5429 | D:7      | Noticed Maggie
  5444 | D:7      | Killed Maggie
  5444 | D:7      | Reached * piety under Okawaru
  5445 | D:7      | Reached XP level 9. HP: 62/72 MP: 14/14
  5624 | D:6      | Found a staircase to the Ecumenical Temple.
  5630 | Temple   | Entered the Ecumenical Temple
  6485 | D:6      | Killed a komodo dragon
  6485 | D:6      | Reached ** piety under Okawaru
  6684 | D:7      | Found a transporter.
  6712 | D:7      | Found a transporter.
  6751 | D:7      | Noticed Pikel
  6844 | D:7      | Found a shimmering altar of Xom.
  7233 | D:7      | Reached skill level 5 in Invocations
  7295 | D:7      | Killed Pikel
  7295 | D:7      | Reached *** piety under Okawaru
  7296 | D:7      | Reached XP level 10. HP: 68/80 MP: 15/17
  7627 | D:8      | Reached skill level 5 in Short Blades
  7627 | D:8      | Reached skill level 5 in Long Blades
  7627 | D:8      | Reached skill level 5 in Axes
  7627 | D:8      | Reached skill level 5 in Maces & Flails
  7627 | D:8      | Reached skill level 5 in Staves
  7627 | D:8      | Reached skill level 5 in Slings
  7627 | D:8      | Reached skill level 5 in Bows
  7627 | D:8      | Reached skill level 5 in Crossbows
  7627 | D:8      | Reached skill level 5 in Throwing
  7627 | D:8      | Reached skill level 5 in Dodging
  7627 | D:8      | Reached skill level 5 in Stealth
  7627 | D:8      | Reached skill level 5 in Unarmed Combat
  7627 | D:8      | Reached skill level 5 in Spellcasting
  7627 | D:8      | Reached skill level 5 in Evocations
  8940 | D:9      | Identified Aha Raro's Catalogue of Captivating Attacks
  9532 | D:10     | Entered Level 10 of the Dungeon
  9613 | D:10     | Reached **** piety under Okawaru
 10248 | D:10     | Found a staircase to the Lair.
 10248 | D:10     | Noticed Maurice
 10333 | D:10     | Killed Maurice
 10333 | D:10     | Received a gift from Okawaru
 10620 | D:10     | Reached XP level 11. HP: 87/87 MP: 19/19
 10728 | D:10     | Received a gift from Okawaru
 10728 | D:10     | Reached ***** piety under Okawaru
 10818 | D:10     | Noticed Psyche
 10863 | D:10     | Killed Psyche
 10864 | D:10     | Reached skill level 5 in Conjurations
 10864 | D:10     | Reached skill level 5 in Hexes
 10864 | D:10     | Reached skill level 5 in Summonings
 10864 | D:10     | Reached skill level 5 in Necromancy
 10864 | D:10     | Reached skill level 5 in Translocations
 10864 | D:10     | Reached skill level 5 in Transmutations
 10864 | D:10     | Reached skill level 5 in Fire Magic
 10864 | D:10     | Reached skill level 5 in Ice Magic
 10864 | D:10     | Reached skill level 5 in Air Magic
 10864 | D:10     | Reached skill level 5 in Earth Magic
 10864 | D:10     | Reached skill level 5 in Poison Magic
 10963 | D:10     | Noticed a two-headed ogre
 11003 | D:10     | Killed a two-headed ogre
 11666 | D:11     | Found a staircase to the Orcish Mines.
 12412 | D:11     | Noticed a green ugly thing
 12482 | Lair:1   | Entered Level 1 of the Lair of Beasts
 13572 | Lair:1   | Received a gift from Okawaru
 13818 | Lair:1   | Noticed an eight-headed hydra
 13862 | Lair:1   | Killed an eight-headed hydra
 14240 | Lair:1   | Reached XP level 12. HP: 80/96 MP: 22/22
 15327 | Lair:2   | Got an ancient scale mail
 15432 | Lair:2   | Identified the +5 scale mail "Filorch" {Dex+3} (You found
                  | it on level 2 of the Lair of Beasts)
 15780 | Lair:2   | Noticed a catoblepas
 15840 | Lair:2   | Killed a catoblepas
 15840 | Lair:2   | Received a gift from Okawaru
 16715 | Lair:2   | Identified the Reference Book on Cloudy Snow
 16725 | Lair:2   | Noticed a death yak
 16750 | Lair:2   | Killed a death yak
 16758 | Lair:2   | Reached skill level 10 in Fighting
 16758 | Lair:2   | Reached skill level 10 in Armour
 16758 | Lair:2   | Reached skill level 10 in Shields
 17118 | Lair:3   | Received a gift from Okawaru
 17357 | Lair:3   | Noticed a five-headed hydra
 17357 | Lair:3   | Noticed a five-headed hydra
 17371 | Lair:3   | Killed a five-headed hydra
 17382 | Lair:3   | Killed a five-headed hydra
 17404 | Lair:3   | Reached XP level 13. HP: 103/103 MP: 21/24
 17471 | Lair:3   | Found a staircase to the Swamp.
 17691 | Lair:3   | Got a smoking dagger
 17692 | Lair:3   | Identified the +6 dagger of the Vulture {antimagic, Int+3}
                  | (You found it on level 3 of the Lair of Beasts)
 17888 | Lair:3   | Identified the Handbook of Spatial Weightlessness
 18344 | Lair:4   | Found a frozen archway.
 18504 | IceCv    | Entered an ice cave
 19007 | IceCv    | HP: 4/104 [ice statue] (4)]
 19009 | IceCv    | HP: 1/104 [ice statue] (3)]
 19480 | IceCv    | Noticed an ice dragon
 19480 | IceCv    | Noticed an ice dragon
 19757 | Lair:3   | Received a gift from Okawaru
 20846 | Lair:4   | Received a gift from Okawaru
 21300 | Lair:4   | Found a staircase to the Snake Pit.
 21428 | Lair:4   | Reached ****** piety under Okawaru
 21492 | Lair:4   | Received a gift from Okawaru
 21563 | Lair:4   | Reached XP level 14. HP: 89/111 MP: 26/26
 21596 | Lair:4   | Reached skill level 10 in Polearms
 22454 | Lair:5   | Found a staircase to the Slime Pits.
 23096 | Lair:5   | Identified a scroll of acquirement
 23619 | Lair:5   | Received a gift from Okawaru
 23620 | Lair:5   | Got a bloodstained broad axe {god gift}
 23676 | Lair:4   | Identified the +6 broad axe of Greed {vorpal, rN+ Int+2}
                  | (Okawaru gifted it to you on level 5 of the Lair of Beasts)
 23689 | Lair:5   | Reached skill level 10 in Invocations
 25153 | Lair:6   | Entered Level 6 of the Lair of Beasts
 25293 | Lair:6   | Received a gift from Okawaru
 27044 | Lair:6   | Reached XP level 15. HP: 101/119 MP: 28/28
 27163 | Lair:6   | Received a gift from Okawaru
 28286 | Lair:6   | Received a gift from Okawaru
 28852 | Lair:6   | Received a gift from Okawaru
 28853 | Lair:6   | Reached skill level 10 in Long Blades
 29002 | Lair:6   | Reached skill level 10 in Short Blades
 29002 | Lair:6   | Reached skill level 10 in Axes
 29002 | Lair:6   | Reached skill level 10 in Maces & Flails
 29002 | Lair:6   | Reached skill level 10 in Staves
 29002 | Lair:6   | Reached skill level 10 in Slings
 29002 | Lair:6   | Reached skill level 10 in Bows
 29002 | Lair:6   | Reached skill level 10 in Crossbows
 29002 | Lair:6   | Reached skill level 10 in Throwing
 29002 | Lair:6   | Reached skill level 10 in Dodging
 29002 | Lair:6   | Reached skill level 10 in Stealth
 29002 | Lair:6   | Reached skill level 10 in Unarmed Combat
 29002 | Lair:6   | Reached skill level 10 in Spellcasting
 29002 | Lair:6   | Reached skill level 10 in Evocations
 30638 | Orc:1    | Entered Level 1 of the Orcish Mines
 30716 | D:12     | Received a gift from Okawaru
 31006 | Orc:1    | Noticed Jorgrun
 31119 | Orc:1    | Killed Jorgrun
 31514 | Orc:2    | Entered Level 2 of the Orcish Mines
 32012 | Orc:2    | Found Vuroeth's Antique Weapon Boutique.
 32033 | Orc:2    | Found Jomid's Weapon Boutique.
 32137 | Orc:2    | Found a staircase to the Elven Halls.
 32171 | Orc:2    | Found Risch's General Store.
 32440 | Orc:2    | Noticed an orc warlord
 32465 | Orc:1    | Killed an orc warlord
 32787 | Orc:2    | Found Wytrif's Book Shop.
 33054 | Orc:2    | Found Xempivva's Assorted Antiques.
 33265 | Orc:1    | Paralysed by an orc sorcerer for 2 turns
 33751 | Orc:1    | Found a roughly hewn altar of Beogh.
 34015 | Orc:2    | Received a gift from Okawaru
 35365 | Orc:2    | Found Feshresiob's Magic Scroll Emporium.
 35365 | Orc:2    | Found Doiherum's Armour Boutique.
 35367 | Orc:2    | Found Sofuh's Gadget Boutique.
 35367 | Orc:2    | Found Bejaul's Book Emporium.
 36362 | Lair:1   | Acquired the ring of Liberalism {+Blink rElec rCorr MP-9
                  | Dex+4}
 36853 | D:13     | Reached XP level 16. HP: 124/127 MP: 21/30
 37156 | D:13     | Received a gift from Okawaru
 37352 | D:13     | Found Koph's Antique Armour Boutique.
 37560 | D:13     | Found a blossoming altar of Fedhas.
 38023 | D:14     | Found a gate to the Vaults.
 38023 | D:14     | Noticed Nessos
 38053 | D:13     | Received a gift from Okawaru
 38478 | D:14     | Received a gift from Okawaru
 39663 | D:14     | Killed Nessos
 40286 | D:14     | Received a gift from Okawaru
 40544 | D:14     | Identified the Tome of the Tuna
 40673 | D:14     | Got a jasper-studded chain mail
 40799 | D:14     | Received a gift from Okawaru
 40824 | D:14     | Identified the +2 chain mail of the Other Side {+Blink rC-
                  | SInv} (You found it on level 14 of the Dungeon)
 41059 | D:14     | Paralysed by an ogre mage for 5 turns
 41523 | D:15     | Entered Level 15 of the Dungeon
 41715 | D:15     | Noticed Louise
 41754 | D:15     | Killed Louise
 42236 | D:15     | Found a staircase to the Depths.
 42324 | D:15     | Reached XP level 17. HP: 131/135 MP: 23/32
 42813 | D:15     | Noticed Josephine
 42823 | D:15     | Killed Josephine
 43051 | Orc:2    | Bought a notched emerald ring for 110 gold pieces
 43051 | Orc:2    | Bought an iridescent rapier for 198 gold pieces
 43054 | Orc:2    | Identified the +2 rapier of Bloody Death {vorpal, Int+2}
                  | (You bought it in a shop on level 2 of the Orcish Mines)
 43413 | Swamp:1  | Entered Level 1 of the Swamp
 43571 | Swamp:1  | Paralysed by a fenstrider witch for 4 turns
 43578 | Lair:3   | Paralysed by a fenstrider witch for 4 turns
 43599 | Lair:3   | HP: 6/135 [poison]
 43604 | Lair:3   | HP: 5/135 [poison]
 43609 | Lair:3   | HP: 6/135 [poison]
 43614 | Lair:3   | HP: 6/135 [poison]
 43814 | Swamp:1  | Received a gift from Okawaru
 44032 | Swamp:1  | Found a transporter.
 44034 | Swamp:1  | Found a transporter.
 44035 | Swamp:1  | Noticed OdinFK's ghost (adept FoEE)
 44996 | Swamp:2  | Learned a level 3 spell: Ignite Poison
 45202 | Swamp:2  | Found a glowing golden altar of the Shining One.
 45837 | Swamp:3  | Received a gift from Okawaru
 46261 | Swamp:3  | Reached skill level 10 in Conjurations
 46261 | Swamp:3  | Reached skill level 10 in Hexes
 46261 | Swamp:3  | Reached skill level 10 in Summonings
 46261 | Swamp:3  | Reached skill level 10 in Necromancy
 46261 | Swamp:3  | Reached skill level 10 in Translocations
 46261 | Swamp:3  | Reached skill level 10 in Transmutations
 46261 | Swamp:3  | Reached skill level 10 in Fire Magic
 46261 | Swamp:3  | Reached skill level 10 in Ice Magic
 46261 | Swamp:3  | Reached skill level 10 in Air Magic
 46261 | Swamp:3  | Reached skill level 10 in Earth Magic
 46261 | Swamp:3  | Reached skill level 10 in Poison Magic
 46473 | Swamp:4  | Entered Level 4 of the Swamp
 47742 | Swamp:4  | Reached XP level 18. HP: 104/143 MP: 24/33
 47752 | Swamp:4  | Learned a level 3 spell: Mephitic Cloud
 47896 | Swamp:4  | Noticed the 27-headed Lernaean hydra
 47944 | Lair:3   | Learned a level 4 spell: Airstrike
 48140 | Snake:1  | Entered Level 1 of the Snake Pit
 48491 | Snake:1  | Received a gift from Okawaru
 52528 | Snake:3  | Received a gift from Okawaru
 52644 | Snake:3  | Found Ciahum's Assorted Antiques.
 52662 | Snake:3  | Found Tuicvuir's Weapon Shoppe.
 53179 | Snake:3  | Learned a level 1 spell: Apportation
 53182 | Snake:3  | Learned a level 2 spell: Passwall
 53891 | Snake:4  | Entered Level 4 of the Snake Pit
 54001 | Snake:4  | Reached XP level 19. HP: 118/151 MP: 23/35
 55049 | Snake:4  | Noticed Aizul
 55156 | Snake:4  | Killed Aizul
 55156 | Snake:4  | Received a gift from Okawaru
 56744 | Snake:4  | Noticed Vashnia
 56805 | Snake:4  | Killed Vashnia
 56805 | Snake:4  | Received a gift from Okawaru
 57130 | Snake:4  | Received a gift from Okawaru
 57968 | Snake:4  | Got a serpentine rune of Zot
 58183 | Snake:4  | Reached XP level 20. HP: 149/160 MP: 28/37
 58491 | Snake:3  | Bought a runed kite shield for 300 gold pieces
 59075 | D:5      | Killed KamiKatze's ghost
 60658 | Vaults:1 | Entered Level 1 of the Vaults
 60850 | Vaults:1 | Received a gift from Okawaru
 60897 | Vaults:1 | Identified the +1 ring mail "Julehami" {rPois Will- Int+9
                  | Dex-5} (Okawaru gifted it to you on level 1 of the Vaults)
 61225 | Vaults:1 | Noticed a Tzitzimitl
 62438 | Vaults:1 | Learned a level 4 spell: Olgreb's Toxic Radiance
 63250 | Vaults:2 | Received a gift from Okawaru
 63316 | Vaults:2 | Identified the +0 buckler of Yngeid {rF+ Stlth+}
 64021 | Vaults:2 | Learned a level 5 spell: Lee's Rapid Deconstruction
 64176 | Vaults:2 | Found a staircase to the Crypt.
 64397 | Vaults:2 | Reached XP level 21. HP: 167/167 MP: 22/38
 65062 | Vaults:2 | Received a gift from Okawaru
 65075 | Vaults:2 | Reached skill level 15 in Fighting
 65075 | Vaults:2 | Reached skill level 15 in Armour
 65075 | Vaults:2 | Reached skill level 15 in Shields
 65319 | Vaults:2 | Received a gift from Okawaru
 65555 | Vaults:2 | Reached skill level 15 in Invocations
 65778 | Vaults:3 | Received a gift from Okawaru
 67928 | Vaults:3 | Received a gift from Okawaru
 67974 | Vaults:3 | Found Vouck's General Store.
 68351 | Vaults:3 | Learned a level 5 spell: Fireball
 68641 | Vaults:4 | Received a gift from Okawaru
 68654 | Vaults:4 | Reached XP level 22. HP: 170/176 MP: 15/40
 68808 | Vaults:4 | Found the +2 ratskin cloak {*Rats rPois rN+ Str-1 Int-1
                  | Dex+1}
 69253 | Vaults:4 | Found Decwuf's Antique Weapon Shoppe.
 69253 | Vaults:4 | Found Onig's Antique Armour Shoppe.
 69285 | Vaults:4 | Reached skill level 15 in Polearms
 69544 | Vaults:4 | Received a gift from Okawaru
 69627 | Vaults:4 | Found Avelog's Distillery.
 69907 | Vaults:4 | Acquired 898 gold pieces
 70451 | Orc:2    | Bought a potion of invisibility for 112 gold pieces
 70453 | Orc:2    | Bought a potion of heal wounds for 70 gold pieces
 71112 | Swamp:4  | Got a decaying rune of Zot
 71133 | Swamp:4  | Identified the +2 dagger "Mucak" {drain, Str+4} (You found
                  | it on level 4 of the Swamp)
 71667 | Swamp:1  | Killed OdinFK's ghost
 71871 | Lair:1   | Learned a level 4 spell: Passage of Golubria
 72044 | Orc:2    | Bought a scroll of magic mapping for 49 gold pieces
 72044 | Orc:2    | Bought a scroll of magic mapping for 49 gold pieces
 72075 | Orc:2    | Bought an eveningstar for 570 gold pieces
 72157 | Orc:2    | Bought a scroll of brand weapon for 280 gold pieces
 72348 | Depths:1 | Entered Level 1 of the Depths
 73833 | Depths:1 | Received a gift from Okawaru
 74401 | Depths:1 | Found a gateway to Hell.
 74940 | Depths:1 | Received a gift from Okawaru
 75050 | Depths:2 | Reached XP level 23. HP: 176/183 MP: 32/41
 75419 | Depths:2 | Paralysed by a sphinx for 2 turns
 75647 | Depths:1 | Reached skill level 15 in Long Blades
 75691 | Depths:2 | Reached skill level 15 in Short Blades
 75691 | Depths:2 | Reached skill level 15 in Axes
 75691 | Depths:2 | Reached skill level 15 in Maces & Flails
 75691 | Depths:2 | Reached skill level 15 in Staves
 75691 | Depths:2 | Reached skill level 15 in Slings
 75691 | Depths:2 | Reached skill level 15 in Bows
 75691 | Depths:2 | Reached skill level 15 in Crossbows
 75691 | Depths:2 | Reached skill level 15 in Throwing
 75691 | Depths:2 | Reached skill level 15 in Dodging
 75691 | Depths:2 | Reached skill level 15 in Stealth
 75691 | Depths:2 | Reached skill level 15 in Unarmed Combat
 75691 | Depths:2 | Reached skill level 15 in Spellcasting
 75691 | Depths:2 | Reached skill level 15 in Evocations
 76005 | Depths:2 | Got a jewelled helmet
 76016 | Depths:2 | Identified the +2 helmet of the Sea {Stlth+} (You found it
                  | on level 2 of the Depths)
 76075 | Depths:2 | You fall into a shaft and drop 1 floor!
 76195 | Depths:2 | Found a one-way gate to the infinite horrors of the Abyss.
 76629 | Depths:2 | Received a gift from Okawaru
 76927 | Depths:2 | Received a gift from Okawaru
 77189 | Depths:2 | HP: 9/184 [something/vampiric draining (19)]
 77191 | Depths:2 | Killed from afar by a vampire knight

Illustrated notes

Levels and vault maps discovered:
D:1:      denvon_arrival_planthouse, layout_basic, minmay_misc_feat_diagonals
D:2:      layout_loops_ring
D:3:      layout_loops_ring, serial_rivers, chequers_serial_rivers_micro_e,
          chequers_serial_rivers_micro_b, chequers_serial_rivers_room_a,
          chequers_serial_rivers_micro_d, chequers_serial_rivers_small_3
D:4:      layout_cave_pools, minmay_gold_behind_fungi, kennysheep_path_1
D:5:      layout_cave_pods, gammafunk_ghost_mausoleum
D:6:      minmay_chambers_of_fours, layout_basic,
          chequers_temple_overflow_statue_of_worship, minmay_temple_entry_hall,
          minmay_hollow_rounded_squares
D:7:      layout_loops_ring, gammafunk_temple_of_torment,
          grunt_temple_overflow_open, serial_shops,
          nicolae_shop_window_shopping, uniq_pikel, uniq_maggie
D:8:      lemuel_ice_spiral_2, layout_basic, basic_altar, lemuel_tele_altar
D:9:      layout_roguey
D:10:     layout_long_grid, david_lair_generic, serial_bayou,
          serial_bayou_ford_a, serial_bayou_pond_d, serial_bayou_crossing,
          serial_bayou_lagoon_a, uniq_maurice, uniq_psyche
D:11:     layout_cave_pods, hiddenorc2_lemuel
D:12:     cheibrodos_fzero, layout_grid_maze, hangedman_decor_opposing,
          blue_anna_alchemist [blue_anna_fruit_fields, blue_anna_fruit_fields]
D:13:     layout_gridville, serial_shops, nicolae_shop_crystal, fedhas_altar_2
D:14:     minmay_the_grid_octo_tiled_squarecenter_mashed
          [minmay_the_grid_octo_checkerflower, minmay_the_grid_octo_fan_narrow,
          minmay_the_grid_octo_teeth, minmay_the_grid_octo_clover_2,
          minmay_the_grid_square_5x5_megaprize_crossed,
          minmay_the_grid_square_5x5_n_small,
          minmay_the_grid_square_5x5_checkered_statues,
          minmay_the_grid_square_5x5_misaligned,
          minmay_the_grid_square_5x5_sharp_hourglass], layout_basic,
          david_vaults_3, glass_columns_a
D:15:     gammafunk_depths_entry_grave, layout_cave_pools,
          hangedman_decor_growths, minmay_fractal_squares_diagonal_5,
          uniq_nessos, uniq_louise, uniq_josephine
Temple:   lightli_temple_of_artemis
Lair:1:   layout_cave_pods
Lair:2:   nzn_winding_woodlands_large [nzn_winding_woodlands_5x5_default,
          nzn_winding_woodlands_5x15_pathside_ponds,
          nzn_winding_woodlands_5x5_perimeter,
          nzn_winding_woodlands_center_pierced_h,
          nzn_winding_woodlands_15x15_eel_pit,
          nzn_winding_woodlands_center_diamonds,
          nzn_winding_woodlands_5x5_default,
          nzn_winding_woodlands_5x15_longhouse,
          nzn_winding_woodlands_5x5_default], layout_gridlike
Lair:3:   statuecave_lemuel, layout_misc_corridors, palyth_hydra_swamp_entry
Lair:4:   layout_loops_ring, guppyfry_snake_entry_island,
          portal_ice_cave_demonic_guard, grunt_forest_large_clearings,
          grunt_megastairs_3, serial_bayou_shore_b, infiniplex_staircase_pool,
          minmay_lair_oklob_chamber
Lair:5:   layout_hall_layers, slime_dummy
Lair:6:   guppyfry_lair_end_dragon, layout_cave_pods, hangedman_lair_in_review,
          special_room [special_room_mythical_zoo], st_stairs_11, minivault_25,
          kennysheep_abandoned_house
Swamp:1:  layout_basic_swamp, gammafunk_ghost_mausoleum,
          hangedman_swamp_ruin_wall, swamp_pool4, st_swamp_mini
Swamp:2:  layout_basic_swamp, nicolae_swamp_godswood
Swamp:3:  layout_falls_marsh, evilmike_swamp_ruin_house_5
Swamp:4:  swamp_old_school, layout_basic_swamp
Snake:1:  layout_layer_cave
Snake:2:  kennysheep_snake, layout_layer_cave, hangedman_snake_thin_pillar_pass
Snake:3:  layout_gridlike, minmay_shop_star
Snake:4:  johnstein_snake_rune_scales, layout_onion_interference, st_stairs_14,
          uniq_aizul
Orc:1:    layout_caves, mines2_david, uniq_jorgrun
Orc:2:    grunt_orc_tribal_feast, layout_caves, serial_shops,
          nicolae_shop_behind_doors, shop, nicolae_shop_trees,
          nicolae_shop_trees, nicolae_shop_statue_plus, mines2_lemuel
Vaults:1: hangedman_vaults_cutoff, grunt_vaults_diagonal, hangedman_vaults_maws,
          st_smaller_cells, vaults_mumra_lcd, layout_vaults_quadrants
Vaults:2: nicolae_vaults_stairing_the_circle, nicolae_vaults_network_s,
          ontoclasm_vaults_eye, vaults_mumra_hex, hangedman_vaults_trim,
          v_misc_3, st_quartered_hall, vaults_room_pools,
          minmay_crypt_entry_skeletal_spiral, vaults_dpeg_encased_lava,
          ontoclasm_vaults_fault, nicolae_vaults_little_squares_4,
          layout_vaults_omnicross
Vaults:3: grunt_vaults_focal, hangedman_vaults_trim,
          nicolae_vaults_little_squares_5, nicolae_vaults_octagons,
          nicolae_vaults_little_squares_2, nicolae_vaults_specimen_jars,
          vaults_room_grid, nicolae_vaults_twisting_passages,
          nicolae_vaults_little_squares_6, nicolae_vaults_little_squares_2,
          vaults_room_stairs_pillars, nicolae_vaults_circle_grid_b,
          vaults_room_fours, vaults_standard_mumra_enter_the_diamond, v_misc_15,
          vaults_room_corners, layout_vaults_ring, serial_shops, shop
Vaults:4: hangedman_vaults_hard_town_square, ontoclasm_vaults_hangar,
          nicolae_vaults_little_squares_3, vaults_room_ringed_pool,
          v_alt_pattern_6, nicolae_vaults_rhombus_6, nicolae_vaults_rhombus_6,
          nicolae_vaults_theta, layout_vaults_big_room
Depths:1: layout_cave_shapes, chequers_serial_rivers_small_3, hell_entry,
          roderic_lattice_a, item_on_display_b, grunt_megastairs_4,
          kennysheep_random_hallway
Depths:2: evilmike_marble_ring, layout_cave_pools,
          abyss_entry_small_statue_room, grunt_hell_entry_dis_old,
          nicolae_water_bricks, eino_small_chamber_without_monster,
          minmay_misc_feat_pillars, nrook_uturn, minmay_three_doors,
          minmay_staircase_bubble, serial_bayou_shore_b
Depths:3: gammafunk_the_bubble [the_bubble_gammafunk_grid], layout_gridlike,
          ebering_ghost_xom, abandoned_shop, rand_demon_pan_entry_3,
          hangedman_coc_ice_floe, drop_trap, minmay_shop_grove

Skill      XL: |  1  2  3  4  5  6  7  8  9 10 11 12 13 14 15 16 17 18 19 20 21 22 23 |
---------------+----------------------------------------------------------------------+-----
Invocations    | 1 2 3 4 5 6 7 8 9 10 11 12 13 14 15 16 | 16.3
Short Blades   | 1 2 3 4 5 6 7 8 9 10 11 12 13 14 15 | 15.1
Long Blades    | 1 2 3 4 5 6 7 8 9 10 11 12 13 14 15 | 15.1
Axes           | 1 2 3 4 5 6 7 8 9 10 11 12 13 14 15 | 15.1
Maces & Flails | 1 2 3 4 5 6 7 8 9 10 11 12 13 14 15 | 15.1
Staves         | 1 2 3 4 5 6 7 8 9 10 11 12 13 14 15 | 15.1
Slings         | 1 2 3 4 5 6 7 8 9 10 11 12 13 14 15 | 15.1
Bows           | 1 2 3 4 5 6 7 8 9 10 11 12 13 14 15 | 15.1
Crossbows      | 1 2 3 4 5 6 7 8 9 10 11 12 13 14 15 | 15.1
Throwing       | 1 2 3 4 5 6 7 8 9 10 11 12 13 14 15 | 15.1
Dodging        | 1 2 3 4 5 6 7 8 9 10 11 12 13 14 15 | 15.1
Stealth        | 1 2 3 4 5 6 7 8 9 10 11 12 13 14 15 | 15.1
Unarmed Combat | 1 2 3 4 5 6 7 8 9 10 11 12 13 14 15 | 15.1
Spellcasting   | 1 2 3 4 5 6 7 8 9 10 11 12 13 14 15 | 15.1
Evocations     | 1 2 3 4 5 6 7 8 9 10 11 12 13 14 15 | 15.1
Conjurations   | 1 2 3 4 5 6 7 8 9 10 11 12 13 | 13.0
Hexes          | 1 2 3 4 5 6 7 8 9 10 11 12 13 | 13.0
Summonings     | 1 2 3 4 5 6 7 8 9 10 11 12 13 | 13.0
Necromancy     | 1 2 3 4 5 6 7 8 9 10 11 12 13 | 13.0
Translocations | 1 2 3 4 5 6 7 8 9 10 11 12 13 | 13.0
Transmutations | 1 2 3 4 5 6 7 8 9 10 11 12 13 | 13.0
Fire Magic     | 1 2 3 4 5 6 7 8 9 10 11 12 13 | 13.0
Ice Magic      | 1 2 3 4 5 6 7 8 9 10 11 12 13 | 13.0
Air Magic      | 1 2 3 4 5 6 7 8 9 10 11 12 13 | 13.0
Earth Magic    | 1 2 3 4 5 6 7 8 9 10 11 12 13 | 13.0
Poison Magic   | 1 2 3 4 5 6 7 8 9 10 11 12 13 | 13.0
Polearms       | 5 6 7 8 9 10 11 12 13 14 15 | 15.7
Fighting       | 7 8 9 10 11 12 13 14 15 16 | 16.2
Armour         | 7 8 9 10 11 12 13 14 15 16 | 16.2
Shields        | 7 8 9 10 11 12 13 14 15 16 | 16.2

Action                   |  1- 3 |  4- 6 |  7- 9 | 10-12 | 13-15 | 16-18 | 19-21 | 22-24 || total
-------------------------+-------+-------+-------+-------+-------+-------+-------+-------++-------
Melee: Trident           |    37 |       |       |   372 |  2214 |   880 |       |       ||  3503
       Bite              |     9 |    16 |    61 |   189 |   383 |   430 |   428 |   245 ||  1761
       Spear             |    72 |   122 |   381 |   523 |       |       |       |       ||  1098
       Dagger            |       |       |    46 |   258 |     9 |       |       |       ||   313
       Hand axe          |       |       |       |    54 |    21 |       |       |       ||    75
       Unarmed           |       |       |       |     3 |       |       |       |       ||     3
       Halberd           |       |       |       |       |    95 |       |       |       ||    95
       Broad axe         |       |       |       |       |    13 |       |       |       ||    13
       Demon trident     |       |       |       |       |       |  1497 |  2288 |  1119 ||  4904
 Fire: Fustibalus        |       |       |       |       |     4 |       |       |       ||     4
Throw: Dart              |       |     4 |     8 |    29 |    43 |    14 |     5 |    12 ||   115
       Stone             |       |       |     1 |       |     4 |       |       |       ||     5
 Cast: Ignite Poison     |       |       |       |       |       |    66 |   165 |   115 ||   346
       Airstrike         |       |       |       |       |       |    18 |     7 |     8 ||    33
       Mephitic Cloud    |       |       |       |       |       |    17 |     2 |     1 ||    20
       Passwall          |       |       |       |       |       |       |     2 |       ||     2
       Olgreb's Toxic Ra |       |       |       |       |       |       |    49 |    49 ||    98
       Apportation       |       |       |       |       |       |       |     1 |       ||     1
       Lee's Rapid Decon |       |       |       |       |       |       |     5 |       ||     5
       Passage of Golubr |       |       |       |       |       |       |       |     5 ||     5
Invok: Heroism           |       |       |     1 |     3 |     4 |     3 |       |     1 ||    12
       Finesse           |       |       |       |     7 |     9 |     6 |     1 |     3 ||    26
 Abil: Evoke Flight      |       |       |       |       |     1 |       |       |       ||     1
Evoke: Wand              |       |       |       |     4 |       |     7 |       |       ||    11
       Lightning rod     |       |       |       |       |     8 |     1 |       |       ||     9
       Phantom mirror    |       |       |       |       |       |     1 |       |       ||     1
       Condenser vane    |       |       |       |       |       |       |     1 |       ||     1
  Use: Scroll            |       |       |    11 |     4 |    15 |    12 |    10 |     7 ||    59
       Potion            |       |       |       |       |     4 |       |     5 |       ||     9
 Stab: Sleeping          |       |       |     1 |       |     1 |    20 |    17 |     6 ||    45
       Distracted        |       |       |       |       |     2 |     4 |     8 |     2 ||    16
       Confused          |       |       |       |       |       |    12 |       |       ||    12
Armor: Scale mail        |    22 |    28 |    58 |       |       |       |       |       ||   108
       Chain mail        |       |       |    16 |   299 |   704 |   615 |   344 |   188 ||  2166
       Plate armour      |       |       |       |       |       |       |       |    65 ||    65
Dodge: Dodged            |    15 |    27 |    76 |   258 |   781 |   799 |   619 |   439 ||  3014
       Repelled          |       |       |       |       |       |     7 |    48 |    10 ||    65
Block: Kite shield       |    37 |    50 |   106 |   499 |  1267 |  1345 |   942 |   545 ||  4791
       Tower shield      |       |       |    49 |       |       |       |       |       ||    49
